 Dungeon Crawl Stone Soup version 0.29-a0-451-gfbfa42419e (webtiles) character file.

Game seed: 8970661195747365779

58 Faeu the Stinger (level 4, -2/27 HPs)
             Began as an Octopode Venom Mage on May 19, 2022.
             Slain by a goblin
             ... wielding a +0 club
             ... led by Robin
              (3 damage)
             ... on level 2 of the Dungeon.
             The game lasted 00:07:57 (2038 turns).

Faeu the Stinger (Octopode Venom Mage)              Turns: 2038, Time: 00:07:58

Health: -2/27      AC:  1    Str:  7    XL:     4   Next: 1%
Magic:  7/7        EV: 13    Int: 19    God:
Gold:   81         SH:  0    Dex: 12    Spells: 6/7 levels left

rFire   . . .      SeeInvis .   g - +0 short sword
rCold   . . .      Faith    +   (no shield)
rNeg    . . .      Spirit   .   (helmet restricted)
rPois   .          Reflect  .   i - amulet of faith
rElec   .          Harm     .   (no ring)
rCorr   .          Rampage  .   (no ring)
Will    .....                   (no ring)
Stlth   +++.......              (no ring)
HPRegen 0.09/turn               (no ring)
MPRegen 0.10/turn               (no ring)
                                (no ring)
                                (no ring)

@: no status effects
A: almost no armour, amphibious, 8 rings, camouflage 1, gelatinous body 1,
(nimble swimmer 1), tentacles
a: no special abilities


You were on level 2 of the Dungeon.
You visited 1 branch of the dungeon, and saw 2 of its levels.

You collected 81 gold pieces.

Inventory:

Hand Weapons
 g - a +0 short sword (weapon)
Jewellery
 i - an amulet of faith (around mantle)
Scrolls
 d - a scroll of noise {unknown}
 f - 3 scrolls of identify {unknown}
 h - 2 scrolls of immolation {unknown}
Potions
 a - a potion of magic
 b - a potion of brilliance {unknown}
 c - a potion of resistance {unknown}
 e - 2 potions of curing {unknown}


   Skills:
 + Level 2.5 Dodging
 + Level 3.5 Stealth
 + Level 2.4 Spellcasting
 + Level 1.8 Transmutations
 + Level 4.1 Poison Magic


You had 6 spell levels left.
You knew the following spells:

 Your Spells              Type           Power      Damage    Failure   Level
a - Sting                 Tmut/Pois      52%        1d5       4%          1

Your spell library contained the following spells:

 Spells                   Type           Power      Damage    Failure   Level
 Poisonous Vapours        Pois/Air       20%        N/A       11%         2
 Blink                    Tloc           4%         N/A       24%         2
 Mephitic Cloud           Conj/Pois/Air  7%         N/A       26%         3
 Olgreb's Toxic Radiance  Pois           18%        N/A       28%         4
 Lesser Beckoning         Tloc           2%         N/A       43%         3
 Manifold Assault         Tloc           2%         N/A       99%         5


Dungeon Overview and Level Annotations

Branches:
Dungeon (2/15)

Altars:

Annotations:
D:2 Robin


Innate Abilities, Weirdness & Mutations

You cannot wear most types of armour.
You are amphibious.
You can wear up to eight rings at the same time.
Your skin changes colour to match your surroundings (Stealth+).
Your rubbery body absorbs attacks. (AC +1, EV +1)
((You are camouflaged when in or above water. (Stealth+)))
You have tentacles for arms and can constrict up to eight enemies at once.


Message History

The goblin is severely wounded.
You constrict the goblin.
You kill the goblin!
A goblin comes into view. It is wielding a +0 club.
Robin roars a battlecry!
The goblins go into a battle-frenzy!
You hear a shout!
You see here a +0 dagger.
Robin says, "A pitiful Octopus like you will never find the ORB!"
Robin points. "Kill!"
Robin roars a battlecry!
The hobgoblin no longer looks unusually strong.
Robin roars a battlecry!
The hobgoblin goes into a battle-frenzy!
Robin roars a battlecry!
The goblin no longer looks unusually strong.
Robin roars a battlecry!
The goblin goes into a battle-frenzy!
You open the door.
There is an open door here.
There is an open door here.
A hobgoblin comes into view.
The hobgoblin hits you. The hobgoblin closely misses you.
Robin throws the goblin at you! The goblin hits you with a +0 club.
You hit the goblin.
You kill the goblin!
Robin roars a battlecry!
The hobgoblin goes into a battle-frenzy!
The hobgoblin hits you!
* * * LOW HITPOINT WARNING * * *
You have reached level 4!
The goblin attacks as you move away! The goblin barely misses you.
Robin says, "My goblins will feast on your bones."
Robin throws the goblin at you! The goblin hits you with a +0 club.
* * * LOW HITPOINT WARNING * * *
The goblin no longer looks unusually strong.
The goblin closely misses you. The goblin attacks as you move away!
The goblin hits you with a +0 club.
You die...

#............#.######.#.#..#
#(........g..'....#P..#.#.##
#............#.####'###.#.######
#............#'## #....P#.##....
#######...#g....#########.##....
#...........##.......###....
#.........gg##.......# #....
######......###gg##.......#
#.... ............#
##@##.......###....
............# #..#.........#....
............# ##.#.........#....
............# #.#.........#....
............# #.#.#####...#....
######%.....# #...# #...#....
#......# ##..#####...#....
#......# #.>........'..##
#......# ##.#####...####


You could see Robin, 2 hobgoblins and 3 goblins.

Vanquished Creatures
  2 adders (D:2)
  5 endoplasms
  A giant cockroach (D:1)
  5 goblins
  4 hobgoblins
  5 quokkas
  3 ball pythons (D:1)
  4 bats
  3 frilled lizards
  2 kobolds
  A rat (D:2)
35 creatures vanquished.

Notes
Turn   | Place    | Note
-------+----------+-------------------------------------------
     0 | D:1      | Faeu the Octopode Venom Mage began the quest for the Orb.
     0 | D:1      | Reached XP level 1. HP: 11/11 MP: 3/3
   332 | D:1      | Reached XP level 2. HP: 13/17 MP: 0/5
  1358 | D:2      | Reached XP level 3. HP: 21/21 MP: 4/6
  1489 | D:2      | Reached skill level 4 in Poison Magic
  1953 | D:2      | Found a faded altar of an unknown god.
  2005 | D:2      | Noticed Robin
  2036 | D:2      | Reached XP level 4. HP: 4/27 MP: 7/7
  2036 | D:2      | HP: 1/27 [goblin/+0 club[Robin] (3)]
  2038 | D:2      | Slain by a goblin

Illustrated notes

Levels and vault maps discovered:
D:1:      lordsloth_arrival_two_stooges, layout_basic
D:2:      layout_basic, shapermc_ecumenical_altar_ellora, uniq_robin

Skill      XL: |  1  2  3 |
---------------+----------+-----
Stealth        | 3 |  3.5
Poison Magic   | 4 |  4.1
Dodging        | |  2.5
Spellcasting   | |  2.4
Transmutations | |  1.8

Action                   |  1- 3 |  4- 6 || total
-------------------------+-------+-------++-------
Melee: Unarmed           |    30 |       ||    30
       Tentacles         |     3 |       ||     3
       Constrict         |     8 |       ||     8
       Short sword       |     7 |       ||     7
 Cast: Sting             |    56 |       ||    56
Armor: Skin              |     4 |       ||     4
Dodge: Dodged            |    35 |     2 ||    37

Table legend: (Time is in decaauts)
 A = Elapsed time spent in this place.
 B = Non-inter-level travel time spent in this place.
 C = Inter-level travel time spent in this place.
 D = Time resting spent in this place.
 E = Time spent auto-exploring this place.
 F = Levels seen in this place.
 G = Mean time per level.
                   A        B        C        D        E       F      G
               +--------+--------+--------+--------+--------+-----+--------+
         Total |   2039 |   2020 |     19 |    287 |    984 |   2 | 1019.5 |
       Dungeon |   2039 |   2020 |     19 |    287 |    984 |   2 | 1019.5 |
               +--------+--------+--------+--------+--------+-----+--------+

Top non-repeatable levels by time:
     D:1: 1337 daAuts
     D:2: 702 daAuts
